[Event "E Women's Grand Prix | Second Leg 2022/23"]
[Site "Chess.com"]
[Date "2023.02.04"]
[Round "3"]
[White "Abdumalik, Zhansaya"]
[Black "Zhu, Jiner"]
[Result "0-1"]
[WhiteElo "2496"]
[BlackElo "2486"]
[ECO "B33"]
[EventDate "2023.??.??"]
[Annotator "rafael"]
[PlyCount "90"]
[Beauty "7289654257191"]
[EventType "swiss"]
[EventRounds "11"]
[EventCountry "FID"]
[TimeControl "5400+30"]

1.e4 c5 2.Nf3 e6 {If you want to play the Sveshnikov Variation but don't want to allow White to play the Rossolimo (3.Bb5), then this is the move order to choose. White gets another option, as we'll see.} 3.d4 cxd4 4.Nxd4 Nf6 5.Nc3 Nc6 {Here White has an important choice to make: face Sveshnikov, one of the lines with the best reputation in the Sicilian, or else capture on c6. I'm not an expert on either of these two lines, but it looks like Black is holding up well on both.} 6.Ndb5 ( 6.Nxc6 bxc6 7.e5 Nd5 8.Ne4 ) 6...d6 7.Bf4 e5 8.Bg5 a6 9.Na3 b5 {Here White has another important decision to make: capture on f6 or play 10.Nd5. Both are very popular. In my king pawn days, I used to choose the second option, influenced by one of my favorite opening books and which I studied with dedication as a child: \"Beating The Sicilian\" by John Nunn.} 10.Nd5 ( 10.Bxf6 ) 10...Be7 11.Bxf6 Bxf6 12.c3 {This is the move suggested by Nunn in the aforementioned book. And that's as far as I can remember: unfortunately, I lost the book in one of my many residence changes since the early 1990s.} ( 12.c4 {is a move that has become very popular in recent years.} ) 12...Bg5 13.Nc2 Rb8 14.Be2 ( 14.a4 {is a thematic move, but everything here has already been studied a lot.} 14...bxa4 15.Ncb4 Nxb4 16.cxb4 ( 16.Nxb4 Bd7 {Black also equalizes. Here is a recent example:} 17.Bxa6 Qa5 18.Qxd6 Rb6 19.Qd3 Be6 20.O-O O-O 21.Bc4 Rd8 22.Bd5 Bxd5 23.exd5 Be7 {Ter-Sahakyan-Wang, Abu Dhabi 2022.} ) 16...O-O 17.Rxa4 a5 $1 {[%c_effect a5;square;a5;type;GreatFind;persistent;true] Here, as usual in the Sveshnikov, we have long forced lines in which Black achieves equality.} ) ( 14.a3 $5 {[%c_effect a3;square;a3;type;Interesting;persistent;true] Taking the knight to b4 and then capturing it with a pawn is a recent idea.} ) 14...O-O 15.O-O Be6 16.Ndb4 ( 16.Qd3 {is the most common.} ) 16...Nxb4 17.Nxb4 Qb6 18.Qd3 ( 18.a4 a5 19.Nd5 Bxd5 20.Qxd5 bxa4 {It seems that Black achieves a forced draw here.} 21.Rfb1 Rfc8 22.Bc4 Qc5 23.Rxa4 Qxd5 24.Bxd5 Bd2 $1 25.Raa1 Rc5 {Uecker-Loeffler, email 2017.} ) ( 18.Bg4 a5 19.Bxe6 fxe6 20.Nd3 {This is also possible, but not very dangerous for Black, since he doesn't need to worry about the d5-square anymore, and that's a huge relief.} ) 18...Bc4 19.Qd1 ( 19.Qf3 a5 $1 ) 19...Be6 20.Qd3 a5 {An ambitious decision, refusing to repeat moves.} 21.Nd5 Qb7 22.Rad1 ( 22.Rfd1 {is more popular.} 22...Rfc8 {There's still a lot of theory here, but Black is fine. One possible plan is to activate the dark-squared bishop with Bd8 and then take it to b6, just in time.} ) 22...b4 {A pretty straightforward move, but still nothing new. A recent correspondence game followed with the more natural 22...Rfc8.} ( 22...Rfc8 23.a3 Bd8 24.h3 Rc5 25.b4 Rcc8 {and the game later ended in a draw. Wosch-Perez, email 2019.} ) 23.c4 $6 {[%c_effect c4;square;c4;type;Inaccuracy;persistent;true] This move puts White in an uncomfortable position.} ( 23.cxb4 {is better:} 23...axb4 24.Qg3 Bh6 {It is not clear that this is the best square for the bishop.} 25.Bc4 {and White can fight for a small advantage, since he has stabilized the knight on d5. All this was played in Boskovic-Vuckovic, Palic 2014.} ) 23...b3 $1 24.a3 Rfc8 {Black changed the pawn structure on the queenside, and this is clear to her benefit as she gains a square on d4, which in a distant dream can be occupied after the Bd8-b6 maneuver. White's position will quickly collapse in the next few moves, so we can consider this position as critical: Abdumalik needs a good plan.} 25.Qg3 ( 25.h3 {Looks good, preparing to play Bg4, but Black gets a clear advantage after} 25...Rc5 $1 {[%c_effect c5;square;c5;type;GreatFind;persistent;true] Preparing to capture the d5-knight without allowing White to recapture with the queen.} ) 25...Bd8 {Only now does a new move appear on the board.} ( 25...Bh6 $6 {[%c_effect h6;square;h6;type;Inaccuracy;persistent;true] was played in Pineda-Bouaziz, Tripoli 1976.} ) 26.Kh1 $6 {[%c_effect h1;square;h1;type;Inaccuracy;persistent;true] One of my favorite concepts in positional play is \"harmony,\" which means making sense of your moves, one flowing with the other. Smyslov, for example, was a harmony genius. White's next move doesn't make a good impression in this regard; it doesn't seem to flow naturally and White's plan of advancing the pawn to f4 is hardly effective. This is what we call an \"ugly\" move. I must be honest: there are many instances where ugly moves are the best ones. Alas, to Abdumalik's bad luck, this is not one of them.} ( 26.Nc3 $1 {[%c_effect c3;square;c3;type;GreatFind;persistent;true] is the best attempt. White must desperately try to change the trend of the game.} 26...Qc6 ( 26...Bxc4 $6 27.Bxc4 Rxc4 28.Rxd6 {This is what White wants.} ) 27.Nb5 $1 Qxe4 28.Bf3 Qf4 29.Nxd6 Rc7 30.Rfe1 {Although Black retains a minimal advantage, it's very clear that this is better than the game continuation.} ) 26...Rc5 $1 {[%c_effect c5;square;c5;type;GreatFind;persistent;true] The most accurate move. By the way, I was impressed by Zhu's precision in carrying out her initiative.} ( 26...Bb6 {is natural, but Black's advantage is not so big after} 27.f4 $1 ( 27.Qxb3 Bd4 ) 27...Bxd5 ( 27...Bd4 $2 {[%c_effect d4;square;d4;type;Mistake;persistent;true] leads to a surprisingly lethal attack after} 28.Nf6+ Kh8 29.Nxh7 $1 Kxh7 30.f5 Bd7 31.f6 $1 gxf6 32.Rxf6 ) 28.Rxd5 Bd4 ) 27.Nc3 ( 27.f4 $2 Bxd5 28.exd5 Bf6 {with a dream position for Black.} ) 27...Qc6 28.f4 Bxc4 ( 28...exf4 29.Qxf4 Re5 {This is also very good for Black.} ) 29.Bxc4 Rxc4 30.fxe5 {It's hard to recommend anything.} ( 30.f5 Rxc3 $1 {[%c_effect c3;square;c3;type;GreatFind;persistent;true] The typical Sicilian sacrifice must always be analyzed.} 31.Qxc3 Qxc3 32.bxc3 b2 33.Rb1 Bg5 $1 {[%c_effect g5;square;g5;type;GreatFind;persistent;true] And the bishop goes to c1 with a clear advantage.} ) ( 30.Nd5 exf4 ( 30...Rxe4 $2 31.Qf3 $1 {[%c_effect f3;square;f3;type;GreatFind;persistent;true] gives White counterplay.} ) 31.Qxf4 Qe8 32.Qxd6 Rbc8 {again with a clear advantage for Black.} ) 30...dxe5 31.Qxe5 {White regains the pawn but opens the game to Black's bishop.} 31...Bc7 32.Qh5 Qe6 $1 {[%c_effect e6;square;e6;type;GreatFind;persistent;true] Getting ready to take the bishop to his ideal square, e5.} 33.Rd5 f6 $1 34.Rb5 Rd4 ( 34...Rxb5 35.Qxb5 Rd4 {is also very good.} ) 35.Rxb8+ Bxb8 36.Qxa5 Rd2 37.Qh5 ( 37.Rb1 {leads to a pretty checkmate after} 37...Qg4 38.Rg1 Qh4 39.h3 Qxh3+ 40.gxh3 Rh2# ) ( 37.Qb5 Qe5 $1 38.Qxe5 ( 38.Qxb3+ Kh8 39.g3 Rxh2+ 40.Kxh2 Qxg3+ 41.Kh1 Qh2# ) 38...Bxe5 39.Rb1 Bxc3 40.bxc3 b2 41.h3 Kf7 {The endgame is winning for Black, even a pawn down. White's rook is very passive, and the king will march to the queenside.} ) ( 37.Rd1 $5 {[%c_effect d1;square;d1;type;Interesting;persistent;true] is the best chance. Precision is required now.} 37...Qc4 $1 ( 37...Rxd1+ 38.Nxd1 Qxe4 39.Qd2 {Here White has good drawing chances.} ) 38.Qh5 ( 38.Rxd2 $2 Qf1# ) 38...h6 $1 39.Qf3 Rxd1+ 40.Nxd1 Be5 {White is tied up; Black should win this endgame with accurate play.} ) 37...Rxb2 38.Rd1 Bd6 $1 39.Nb5 Qxe4 $1 {[%c_effect e4;square;e4;type;GreatFind;persistent;true] Very well calculated.} 40.Qf7+ Kh8 $1 {[%c_effect h8;square;h8;type;GreatFind;persistent;true] Of course, this was seen in advance by the Chinese player.} ( 40...Kxf7 $6 {[%c_effect f7;square;f7;type;Inaccuracy;persistent;true] Of course, this was not the intention, but, just for readers' curiosity, it's possible that even this position is winning.} 41.Nxd6+ Ke6 42.Nxe4 Rc2 $1 43.Nd2 b2 44.Nb1 Rc1 45.Rg1 Ke5 {White is paralyzed, and the king is going to the queenside.} ) 41.Rg1 Bc5 42.h3 h6 ( 42...Rb1 43.Rxb1 Qxb1+ 44.Kh2 Qe1 $1 {[%c_effect e1;square;e1;type;GreatFind;persistent;true] This is also a nice way to win. The white queen must feel bad being so close to the king and not being able to give a check.} ) 43.Nc3 Qa8 44.Nd5 Bxg1 45.Kxg1 Rxg2+ $1 {[%c_effect g2;square;g2;type;GreatFind;persistent;true] A beautiful ending to a game masterfully handled by Zhu.} ( 45...Rxg2+ 46.Kxg2 b2 ) 0-1

[Event "E Women's Grand Prix | Second Leg 2022/23"]
[Site "Chess.com"]
[Date "2023.02.05"]
[Round "4"]
[White "Kosteniuk, Alexandra"]
[Black "Tan, Zhongyi"]
[Result "1-0"]
[WhiteElo "2519"]
[BlackElo "2530"]
[ECO "B27"]
[EventDate "2023.??.??"]
[Annotator "rafael"]
[PlyCount "67"]
[Beauty "6461375646765"]
[EventType "swiss"]
[EventRounds "11"]
[EventCountry "FID"]
[TimeControl "5400+30"]

1.e4 c5 2.Nf3 g6 {This Sicilian Variation is not very popular at the highest level. After 3.d4 the game can go to what we know as the \"Maroczy Bind\" or else to lines of the \"Accelerated Dragon.\" But the game quickly takes an original road.} 3.c3 d5 ( 3...Bg7 4.d4 cxd4 5.cxd4 d5 6.e5 {This is the main line, and there's a lot of theory here.} ) 4.e5 ( 4.exd5 {is also a popular move.} ) 4...Nc6 5.Bb5 {An interesting move and far less played than 5.d4.} ( 5.d4 {A recent game continued:} 5...cxd4 6.cxd4 Bg4 7.Bb5 Rc8 {Wang-Guseinov, Shusha (blitz) 2022.} ) 5...Bg4 6.O-O Qb6 7.c4 $2 {[%c_effect c4;square;c4;type;Mistake;persistent;true] A very optimistic move that puts White in serious trouble.} ( 7.Bxc6+ {is the natural move and had been played previously:} 7...Qxc6 8.d4 {with chances for both sides in Mammadova-Movileanu, Batumi 2019.} ) 7...O-O-O ( 7...dxc4 {is also very good for Black.} 8.Na3 ( 8.Bxc4 Nxe5 {Black wins a pawn for no compensation.} ) 8...a6 9.Qa4 Bxf3 10.gxf3 Rc8 11.Bxc6+ Qxc6 12.Qxc6+ Rxc6 13.Nxc4 Nh6 {White will suffer in this endgame since Black's pawn structure is much better.} ) 8.Bxc6 Qxc6 9.h3 Be6 {Black already has an almost winning advantage here, although with kings on opposite sides there is always hope of complicating the game. That's what Kosteniuk starts trying now.} 10.Ng5 $5 {[%c_effect g5;square;g5;type;Interesting;persistent;true] Sacrificing a pawn.} ( 10.cxd5 Bxd5 {Black has an advantage in development and a monster light-squared bishop.} ) 10...dxc4 11.Nxe6 Qxe6 12.Re1 Nh6 13.b3 $1 {[%c_effect b3;square;b3;type;GreatFind;persistent;true] White does everything to open files on the queenside.} 13...Nf5 14.Ba3 b6 15.b4 cxb4 16.Bxb4 Qc6 $2 {[%c_effect c6;square;c6;type;Mistake;persistent;true] An imprecise move that gives chances to White. The queen is less useful than it looks on this diagonal. The priority is to develop the bishop on f8 and to remove the king from the c-file.} ( 16...Bh6 17.Na3 Kb8 {White has very little to show in exchange for the pawn.} ) 17.Na3 {Now 18.Nxc4 is threatened, and the rook is coming to c1, positioning itself in an x-ray with the black queen.} 17...Rd4 ( 17...Kb8 18.Rc1 {and the c4-pawn will fall. It should be mentioned that the attempt to defend with 18...b5 leads to disaster.} 18...b5 $2 19.Nxb5 $1 Qxb5 20.Rb1 {With a decisive attack against the naked king.} ) 18.Nc2 Rd3 19.Rc1 Bh6 20.Qg4 $1 {[%c_effect g4;square;g4;type;GreatFind;persistent;true] The queen is very well positioned here, keeping an eye on the c4-pawn.} 20...Kb7 $6 ( 20...Kb8 $1 {[%c_effect b8;square;b8;type;GreatFind;persistent;true] There is a subtle difference in the placement of the king on b8 or on b7. This is the correct square, and the main reason is to leave a way back to the queen.} 21.Re4 {If White continues as in the game, then the idea appears:} 21...c3 $1 {[%c_effect c3;square;c3;type;GreatFind;persistent;true] This move only works with the king on b8.} 22.Rc4 ( 22.Bxc3 $2 Rxc3 23.dxc3 Bxc1 {wins a piece.} ) 22...Qb7 $1 23.Bxc3 ( 23.Rxc3 Rxd2 {with a sound pawn up.} ) 23...Rxc3 24.Rxc3 Bxd2 25.Nb4 Bxc3 26.Rxc3 Rc8 {with excellent winning chances for Black.} ) 21.Re4 $1 b5 ( 21...c3 $2 {[%c_effect c3;square;c3;type;Mistake;persistent;true] This move doesn't work now.} 22.Bxc3 ( 22.Rc4 {is also good.} ) 22...Rxc3 23.dxc3 Bxc1 24.Nb4 $1 {[%c_effect b4;square;b4;type;GreatFind;persistent;true] Surprisingly the attack is decisive now.} 24...Qxc3 25.Rc4 Qe1+ 26.Kh2 Qxe5+ 27.g3 {There is no good way to avoid a mortal queen check.} ) ( 21...Rc8 22.Ne1 $1 Rdd8 23.Rexc4 Qd5 24.Rxc8 Rxc8 25.Rxc8 Kxc8 26.Bc3 Qxa2 27.Qe4 {White has good compensation for the pawn and good chances of achieving a draw.} ) 22.Rb1 {Bringing the rook into the attack and also setting up Bc3, freeing up the b4-square for the knight.} ( 22.a4 {is also possible.} ) 22...Rc8 ( 22...Ka8 $6 23.Bc3 $1 {[%c_effect c3;square;c3;type;GreatFind;persistent;true] is very unpleasant for Black.} ) 23.Bc3 {Black only has one move now. The trend of the game is not good, and the evaluation of the position has changed from \"comfortable advantage\" to \"very dangerous.\" In these cases, it's very difficult to be cold-blooded enough to find the best moves.} 23...a5 $2 ( 23...Bxd2 $1 {[%c_effect d2;square;d2;type;GreatFind;persistent;true] It's necessary to embark on this complication.} 24.Nb4 Qb6 25.Nxd3 Bxc3 {The position is very complicated, but with accurate play the balance is maintained.} 26.Qf3 Kb8 ( 26...cxd3 $2 {[%c_effect d3;square;d3;type;Mistake;persistent;true] loses to} 27.Rxb5 $1 Qxb5 28.Rb4+ Kb6 29.Rxb5+ Kxb5 30.Qb7+ ) 27.Nc5 $1 Rxc5 28.Qxc3 Qc6 29.Re2 {With chances for both sides in this position with material imbalance.} ) 24.Na3 $1 {[%c_effect a3;square;a3;type;GreatFind;persistent;true] Black's position completely collapses now. All pawns on the queenside pawns will be captured.} ( 24.Bxa5 $6 Bxd2 {This was Tan's idea, I believe.} ) 24...Ka6 ( 24...b4 25.Nxc4 ) 25.Rxb5 Rxc3 ( 25...Qxb5 26.Nxb5 Kxb5 27.a4+ {The c4-pawn falls.} ) 26.dxc3 Bc1 27.Rxc4 Qxc4 28.Rxa5+ Kxa5 29.Nxc4+ Kb5 30.a4+ Kc5 31.Na5 Rb8 32.Qc4+ Kb6 33.Qb5+ Kc7 34.Qc6+ 1-0

[Event "E Women's Grand Prix | Second Leg 2022/23"]
[Site "Chess.com"]
[Date "2023.02.06"]
[Round "5"]
[White "Muzychuk, Mariya"]
[Black "Kashlinskaya, Alina"]
[Result "0-1"]
[WhiteElo "2523"]
[BlackElo "2491"]
[ECO "C24"]
[EventDate "2023.??.??"]
[Annotator "rafael"]
[PlyCount "134"]
[Beauty "5981413057559"]
[EventType "swiss"]
[EventRounds "11"]
[EventCountry "FID"]
[TimeControl "5400+30"]

1.e4 e5 2.Nf3 Nc6 3.Bc4 Nf6 4.d3 d5 $5 {[%c_effect d5;square;d5;type;Interesting;persistent;true] The belief in the old days was that this very fast advance is bad for Black, but as I've written a few times, the computer shows that everything is more or less playable.} 5.exd5 Nxd5 6.h3 {This move is much less played than the main line 6.0-0, and it does seem a little slow.} ( 6.O-O {is the critical test.} 6...Nb6 $5 {[%c_effect b6;square;b6;type;Interesting;persistent;true] Mamedyarov played this move a few times recently.} ( 6...Be7 {is also possible and a recent game went:} 7.Re1 f6 8.d4 Nb6 9.Bb5 {Esipenko-Vidit, Mayrhofen 2022.} ) ) 6...Be7 {Whether this is the best way to develop is something open to question.} ( 6...Bc5 7.O-O O-O 8.Re1 Be6 {Vidit-Duda, Aimchess (rapid) 2022.} ) ( 6...Bf5 $5 {[%c_effect f5;square;f5;type;Interesting;persistent;true] This is a move the computer approves, though it's nearly untried.} ) 7.O-O Nb6 $1 ( 7...O-O 8.Re1 {Black has some problems in defending the e-pawn. In general, this is the problem with the quick d5-advance.} ) 8.Bb3 a5 $1 {[%c_effect a5;square;a5;type;GreatFind;persistent;true] This is an important move for Black, but it's not easy to understand what's the big advantage over the direct 8...Qd6. I think this is clear in the following line:} ( 8...Qd6 $6 9.Nc3 Qg6 10.Kh1 Be6 11.Re1 $1 Bxb3 12.axb3 {This is the point: White is able to recapture with the pawn, an option that will be lost in the game continuation.} 12...f6 13.Nb5 $1 {[%c_effect b5;square;b5;type;GreatFind;persistent;true] with the initiative.} ) 9.a3 Qd6 10.Re1 ( 10.Nc3 Qg6 11.Kh1 a4 12.Ba2 Be6 {This position is now acceptable for Black.} ) 10...a4 {This natural move is a novelty. It's hard to say without a deeper study whether this is better than the immediate 10...Be6.} ( 10...Be6 11.Bxe6 Qxe6 12.Qe2 f6 13.d4 O-O-O $5 14.dxe5 fxe5 15.Nc3 {With chances for both sides in Demchenko-Aditya, Sitges 2022.} ) 11.Ba2 Be6 12.Bxe6 Qxe6 13.Qe2 O-O $2 {[%c_effect g8;square;g8;type;Mistake;persistent;true] Black doesn't have adequate compensation for the lost pawn. 13...f6, 13...Bd6 or 13...Bf6 are better.} ( 13...f6 14.d4 O-O 15.dxe5 Nxe5 16.Nxe5 fxe5 17.Be3 Nd5 {with a balanced position.} ) ( 13...Bd6 ) ( 13...Bf6 ) 14.Nxe5 Nd4 15.Qd1 Rae8 16.Nd2 Bf6 17.Nef3 Nxf3+ 18.Nxf3 {White has consolidated and is a clear pawn up.} 18...Qd5 19.Nd2 ( 19.c3 {is good, preparing to develop the bishop.} ) 19...Be5 20.Ne4 Re6 ( 20...h6 {is better, avoiding White's next move.} ) 21.Ng5 $1 {[%c_effect g5;square;g5;type;GreatFind;persistent;true] The knight continues to dance. It's funny that this piece will go back to f3, where it was in the first place, but even so White's position has improved.} 21...Ree8 22.c3 h6 23.Nf3 Bd6 24.Be3 c5 25.c4 Qf5 26.Rc1 ( 26.b4 {Opens the queenside and is immediately winning, but the move played is also OK.} ) 26...Re6 27.d4 Rfe8 $6 {[%c_effect e8;square;e8;type;Inaccuracy;persistent;true] This loses more material, although it's hard to give any advice.} 28.dxc5 Bxc5 29.Nd4 $2 ( 29.g4 $1 {[%c_effect g4;square;g4;type;GreatFind;persistent;true] wins immediately, as the queen cannot protect the c5-bishop anymore.} 29...Rg6 30.Nh4 ) 29...Bxd4 30.Qxd4 Rg6 31.Kh1 ( 31.Kf1 $1 {[%c_effect f1;square;f1;type;GreatFind;persistent;true] is more accurate, bringing the king closer to the center in anticipation of a queen exchange.} ) 31...Kh7 $6 ( 31...Qe4 $1 {[%c_effect e4;square;e4;type;GreatFind;persistent;true] This move gives chances of a draw in a slightly worse endgame for Black after} 32.f3 Qxd4 33.Bxd4 Rxe1+ 34.Rxe1 Nxc4 35.Re8+ Kh7 36.Re7 Nd6 ) 32.Red1 Qe6 33.Rd3 ( 33.c5 {is more natural. Black intended} 33...Qc6 $1 {[%c_effect c6;square;c6;type;GreatFind;persistent;true] but White is able to keep a better position after} 34.f3 Nd5 35.Bf2 ) 33...Re7 $1 34.f3 $4 {[%c_effect f3;square;f3;type;Blunder;persistent;true] An unfortunate mistake that completely changes the course of the game.} ( 34.Qc3 {and the position is still clearly better for White.} ) 34...Rd7 35.Qc3 Rxg2 $1 {[%c_effect g2;square;g2;type;GreatFind;persistent;true] That's it. A nice \"Puzzle Rush\" tactic that gives a nearly decisive advantage for Black.} 36.Kxg2 Qg6+ 37.Kf2 Rxd3 38.Qe5 Nd7 39.Qf4 ( 39.Qe4 {The exchange of queens brings no relief for White.} 39...Qxe4 40.fxe4 Ne5 {with a technically winning endgame due to the better pawn structure and the monster knight.} ) 39...Qe6 40.Rg1 g5 ( 40...Ne5 {is also very good.} ) 41.Qe4+ Qxe4 42.fxe4 Ne5 {White's queenside falls apart, and the rest is easy.} 43.Ke2 Rb3 44.Bd4 Nf3 45.Rd1 Nxd4+ 46.Rxd4 Rxb2+ 47.Kf1 Rb3 {It turns out that not all rook endgames are drawn.} 48.Rd7 Kg6 49.Kg2 Kf6 50.c5 h5 51.Rc7 h4 52.c6 bxc6 53.Rxc6+ Kg7 54.Rc5 f6 55.e5 fxe5 56.Rxe5 Kf6 57.Ra5 Rxa3 58.Kh2 Kg6 59.Ra8 Kf5 60.Rf8+ Ke4 61.Re8+ Kf3 62.Rf8+ Ke2 63.Ra8 Ra2 64.Ra5 Kf3+ 65.Kg1 g4 $1 66.hxg4 Kg3 {A nice final touch. The g4-pawn gives shelter against the checks. It works like an umbrella.} 67.Kf1 h3 0-1